 Dungeon Crawl Stone Soup version 0.31-a0-1589-g8f5e8aebd6 (webtiles) character file.

Game seed: 15834971675968856624

43 pokeman the Magician (level 3, -3/20 HPs)
             Began as a Deep Elf Hedge Wizard on Jan 5, 2024.
             Slain by Robin
             ... wielding a +1 short sword of electrocution
              (19 damage)
             ... on level 2 of the Dungeon.
             The game lasted 00:02:07 (1437 turns).

pokeman the Magician (Deep Elf Hedge Wizard)        Turns: 1437, Time: 00:02:09

Health: -3/20      AC:  7    Str:  7    XL:     3   Next: 37%
Magic:  9/11       EV: 12    Int: 20    God:
Gold:   4          SH:  5    Dex: 14    Spells: 4/12 levels left

rFire   . . .        h - +2 dagger (venom)
rCold   . . .        (no shield)
rNeg    . . .        b - +0 robe
rPois   .            c - +0 hat
rElec   .            j - +0 cloak
rCorr   .            i - +2 pair of gloves
SInv    .            k - +0 pair of boots
Will    .....        l - amulet of reflection
Stlth   ++           (no ring)
HPRegen 0.23/turn    (no ring)
MPRegen 0.12/turn

%: reflection
@: on blink cooldown
A: no striking features
a: no special abilities


You were on level 2 of the Dungeon.
You visited 1 branch of the dungeon, and saw 2 of its levels.

You collected 4 gold pieces.

Inventory:

Hand Weapons
 h - a +2 dagger of venom (weapon)
Armour
 b - a +0 robe (worn)
 c - a +0 hat (worn)
 i - a +2 pair of gloves (worn)
 j - a +0 cloak (worn)
 k - a +0 pair of boots (worn)
Magical Staves
 f - a staff of earth
Jewellery
 l - an amulet of reflection (around neck)
Scrolls
 e - a scroll of vulnerability {unknown}
Potions
 a - a potion of might {unknown}
 d - a potion of magic
 g - a potion of enlightenment {unknown}


   Skills:
 + Level 0.9 Fighting
 + Level 0.9 Armour
 - Level 2.4 Dodging
 - Level 2.4 Stealth
 * Level 5.2 Spellcasting
 + Level 1.9 Conjurations
 - Level 1.1 Summonings
 - Level 1.1 Translocations


You had 4 spell levels left.
You knew the following spells:

 Your Spells              Type           Power      Damage    Failure   Level
a - Magic Dart            Conj           48%        1d5       5%          1
b - Mephitic Cloud        Conj/Alch/Air  7%         N/A       26%         3
c - Call Imp              Summ           18%        N/A       11%         2
d - Blink                 Tloc           18%        N/A       11%         2

Your spell library contained the following spells:

 Spells                   Type           Power      Damage    Failure   Level
 Slow                     Hex            20%        N/A       12%         1
 Cigotuvi's Dreadful Rot  Necr/Alch/Air  10%        N/A       17%         2
 Call Canine Familiar     Summ           9%         N/A       22%         3
 Sigil of Binding         Hex            5%         N/A       34%         3
 Dimensional Bullseye     Hex/Tloc       3%         N/A       65%         4
 Summon Forest            Summ/Tloc      4%         N/A       90%         5
 Eringya's Noxious Bog    Alch           2%         4d6       100%        6
 Summon Hydra             Summ           4%         N/A       100%        7


Dungeon Overview and Level Annotations

Branches:
Dungeon (2/15)

Altars:

Annotations:
D:2 Robin


Message History

You hear a shout!
Things that are here:
a +0 club; a goblin corpse You hit the hobgoblin.
The hobgoblin is heavily wounded.
The hobgoblin barely misses you.
You hit the hobgoblin.
The hobgoblin is poisoned.
The hobgoblin is heavily wounded.
The hobgoblin hits you but does no damage.
You hit the hobgoblin.
You kill the hobgoblin!
Robin throws the goblin at you! The goblin closely misses you.
You barely miss the goblin. The goblin barely misses you.
You hit the goblin.
The goblin is poisoned.
The goblin is moderately wounded.
The goblin misses you.
Casting: Magic Dart (safe; 5% risk of failure)
Confirm with . or Enter, or press ? or * to list all spells.
You blink.
Robin hits you with a +1 short sword of electrocution.
You hit Robin but do no damage.
Robin is poisoned.
Robin misses you.
You hit the goblin.
The goblin is poisoned.
The goblin is heavily wounded.
Robin hits you with a +1 short sword of electrocution.
The goblin hits you but does no damage.
You hit Robin.
Robin looks as sick as possible!
Robin is moderately wounded.
You kill the goblin!
You block Robin's attack.
You hit Robin.
Robin looks as sick as possible!
Robin is severely wounded.
You kill the goblin!
Robin barely misses you.
You hit Robin but do no damage.
Robin looks as sick as possible!
Robin is severely wounded.
Robin hits you with a +1 short sword of electrocution.
You are electrocuted!!
Ouch! That really hurt!
You die...
Robin lets out a smug laugh.

# .# g.#
...# ' ....+
######g....#
#..g)g.g.#
#.######.#
#.)@g)<#
########


You could see Robin (extremely poisoned).

Vanquished Creatures
  2 bats
  An endoplasm (D:1)
  A giant cockroach (D:1)
  11 goblins
  6 hobgoblins
  5 jackals (D:1)
  A quokka (D:1)
  A frilled lizard (D:1)
  5 kobolds (D:1)
  A rat (D:1)
34 creatures vanquished.

Notes
Turn   | Place    | Note
-------+----------+-------------------------------------------
     0 | D:1      | pokeman the Deep Elf Hedge Wizard began the quest for the
                  | Orb.
     0 | D:1      | Reached XP level 1. HP: 10/10 MP: 7/7
   360 | D:1      | Reached XP level 2. HP: 15/16 MP: 5/9
   921 | D:1      | Reached skill level 5 in Spellcasting
  1329 | D:2      | Reached XP level 3. HP: 20/20 MP: 6/11
  1334 | D:2      | Noticed Robin
  1364 | D:1      | Learned a level 3 spell: Mephitic Cloud
  1367 | D:1      | Learned a level 2 spell: Call Imp
  1370 | D:1      | Learned a level 2 spell: Blink
  1437 | D:2      | Slain by Robin

Illustrated notes

Levels and vault maps discovered:
D:1:      mrwooster_arrival_arrow, layout_loops_ring
D:2:      layout_basic, uniq_robin

Skill      XL: |  1  2 |
---------------+-------+-----
Spellcasting   | 5 |  5.2
Fighting       | |  0.9
Armour         | |  0.9
Dodging        | |  2.4
Stealth        | |  2.4
Conjurations   | |  1.9
Summonings     | |  1.1
Translocations | |  1.1

Action                     || total
---------------------------++-------
  Melee: Dagger            ||    33
   Cast: Magic Dart        ||    69
         Blink             ||     1
 Armour: Robe              ||    20
  Dodge: Dodged            ||    34
  Block: Other             ||     3

Table legend: (Time is in decaauts)
 A = Elapsed time spent in this place.
 B = Non-inter-level travel time spent in this place.
 C = Inter-level travel time spent in this place.
 D = Time resting spent in this place.
 E = Time spent auto-exploring this place.
 F = Levels seen in this place.
 G = Mean time per level.
                   A        B        C        D        E       F      G
               +--------+--------+--------+--------+--------+-----+--------+
         Total |   1437 |   1410 |     27 |     57 |   1136 |   2 |  718.5 |
       Dungeon |   1437 |   1410 |     27 |     57 |   1136 |   2 |  718.5 |
               +--------+--------+--------+--------+--------+-----+--------+

Top non-repeatable levels by time:
     D:1: 1383 daAuts
     D:2: 54 daAuts
